 Dungeon Crawl Stone Soup version 0.22-a0-558-gc224181 (webtiles) character file.

64654 iamserjio the Warrior (level 15, -1/103 HPs)
             Began as a Gargoyle Fighter on June 26, 2018.
             Was a High Priest of Okawaru.
             Slain by a merfolk
             ... wielding a +1 trident of distortion
              (14 damage)
             ... on level 4 of the Shoals.
             The game lasted 01:07:11 (6821 turns).

iamserjio the Warrior (Gargoyle Fighter)            Turns: 6821, Time: 01:07:11

Health: -1/103     AC: 44    Str: 27    XL:     15   Next: 13%
Magic:  14/18      EV:  8    Int:  8    God:    Okawaru [*****.]
Gold:   547        SH: 13    Dex: 14    Spells: 14/14 levels left

rFire    . . .     SeeInvis .   t - +8 broad axe (flame)
rCold    + . .     Gourm    .   c - +0 shield {rC+}
rNeg     + . .     Faith    .   F - +3 chain mail {MR+}
rPois    ∞         Spirit   .   o - +2 helmet
rElec    +         Reflect  .   B - +2 cloak {MR+}
rCorr    .         Harm     .   d - +2 pair of gloves
MR       +++..                  k - +2 pair of boots {run}
Stlth    ..........             m - amulet of regeneration
HPRegen  0.67/turn              q - +4 ring of protection
MPRegen  0.16/turn              N - +5 ring of dexterity

@: finesse, flying, very slightly contaminated, quick
A: big wings, negative energy resistance 1, electricity resistance, unbreathing,
petrification resistance, rot immunity, AC +11
a: Stop Flying, Heroism, Finesse, Renounce Religion


You were on level 4 of the Shoals.
You worshipped Okawaru.
Okawaru was extremely pleased with you.
You were very hungry.

You visited 5 branches of the dungeon, and saw 22 of its levels.
You also visited: Ice Cave.

You collected 1721 gold pieces.
You spent 1174 gold pieces at shops.

Inventory:

Hand Weapons
 h - a +3 broad axe of chopping
 n - a +0 blowgun
 t - a +8 broad axe of flaming (weapon)
 C - a +0 dagger of distortion
 H - a +1 vampiric war axe
 O - a +0 broad axe of freezing
 P - a +2 broad axe of draining
Missiles
 u - 32 javelins (quivered)
 G - a curare-tipped needle {!f}
 Z - 3 throwing nets {!f}
Armour
 b - a scarf of cloud immunity
 c - a +0 shield of cold resistance (worn)
 d - a +2 pair of gloves (worn)
 k - a +2 pair of boots of running (worn)
 o - a +2 helmet (worn)
 p - a scarf of resistance
 r - a +0 chain mail of cold resistance
 B - a +2 cloak of magic resistance (worn)
 F - a +3 chain mail of magic resistance (worn)
 J - a +1 hat
 Q - a +4 plate armour
 X - the +0 pair of boots of Daq Vij {MR+}
   (Okawaru gifted it to you on level 4 of the Lair of Beasts)

   It affects your resistance to hostile enchantments.
Jewellery
 l - a +3 amulet of reflection
 m - an amulet of regeneration (around neck)
 q - a +4 ring of protection (left hand)
 M - a +4 ring of protection
 N - a +5 ring of dexterity (right hand)
Wands
 a - a wand of digging (15)
 w - a wand of paralysis (29)
 I - a wand of iceblast (14)
 S - a wand of disintegration (12)
Scrolls
 e - 3 scrolls of fog
 g - 7 scrolls of teleportation
 i - a scroll of silence
 j - 6 scrolls of remove curse {@r2}
 s - 2 scrolls of immolation
 T - a scroll of vulnerability {unknown}
Potions
 v - 7 potions of curing {@q1}
 x - 2 potions of agility
 A - 2 potions of resistance
 D - 2 potions of brilliance
 E - 3 potions of cancellation
 K - 4 potions of mutation
 L - 2 potions of haste
 R - a potion of ambrosia
 U - a potion of magic {unknown}
 V - 4 potions of might
 Y - a potion of heal wounds
Miscellaneous
 y - a phantom mirror
Comestibles
 f - 21 rations


   Skills:
 * Level 15.1 Fighting
 + Level 14.4 Axes
 - Level 12.0 Armour
 + Level 11.8 Shields
 - Level 5.0 Invocations


You had 14 spell levels left.
You didn't know any spells.
Your spell library contained the following spells:

 Spells                   Type           Power        Failure   Level  Hunger
 Confuse                  Hex            #.......     100%        3    ####...
 Tukima's Dance           Hex            #.......     100%        3    ####...
 Statue Form              Tmut/Erth      #........    100%        6    #######
 Dragon Form              Tmut           #.........   100%        7    #######
 Confusing Touch          Hex            #.....       95%         1    ##.....
 Ensorcelled Hibernation  Hex/Ice        #.....       99%         2    ###....
 Metabolic Englaciation   Hex/Ice        #.........   100%        5    ######.
 Corona                   Hex            #......      95%         1    ##.....
 Petrify                  Tmut/Erth      #.......     100%        4    #####..
 Dazzling Spray           Conj/Hex       #.....       100%        3    ####...
 Hydra Form               Tmut           #.........   100%        6    #######
 Irradiate                Conj/Tmut      #.........   100%        5    ######.
 Gell's Gravitas          Tloc           #.........   100%        3    ####...
 Yara's Violent Unravell  Hex/Tmut       #.........   100%        5    ######.


Dungeon Overview and Level Annotations

Branches:
Dungeon (11/15)            Temple (1/1) D:4            Lair (4/6) D:8
 Shoals (4/4) Lair:4          Orc (2/2) D:9             Elf (0/3) Orc:2
  Snake: Lair:2-4    Spider: Lair:2-4

Altars:
Ashenzari
Cheibriados
Dithmenos
Elyvilon
Fedhas
Gozag
Hepliaklqana
Makhleb
Nemelex Xobeh
Okawaru
Qazlal
Ru
Sif Muna
Trog
Uskayaw
Vehumet
Wu Jian
Xom
Yredelemnul
Zin
Beogh

Shops:
D:9 (   Orc:1 *   Orc:2 ?*:[

Annotations:
D:10 1 runed door, ThisFiasco's ghost, journeyman GrEE


Innate Abilities, Weirdness & Mutations

You are resistant to torment.
Your stone body is resilient. (AC +11)
You are immune to poison.
Your large and strong wings let you fly indefinitely.
You resist negative energy. (rN+)
You are resistant to electric shocks. (rElec)
You can survive without breathing.
You are immune to petrification.
You are immune to rotting.


Message History

You closely miss the merfolk aquamancer.
You miss the merfolk impaler.
The merfolk impaler hits you but does no damage.
A water elemental comes into view.
The merfolk hits you but does no damage.
The merfolk barely misses you.
Blink to where?
Press: ? - help, Dir - move target cursor You are very lightly contaminated with residual magic.
As you read the scroll of blinking, it crumbles to dust.
The merfolk aquamancer casts a spell at you.
The torrent of water misses you.
The wave splashes down.
You hear a shout! x2; You hear a screech!
You hear a shout!
You hear a screech! x2
You hear an angry hiss. x2
The merfolk aquamancer casts a spell.
The merfolk aquamancer blinks!
The merfolk hits you from afar with a trident of distortion.
* * * LOW HITPOINT WARNING * * *
Space warps horribly around you!
You die...

≈≈≈≈≈≈##≈..S.#........
≈≈≈≈≈≈≈######..mm.....
≈≈≈≈≈≈≈≈≈≈.........m..
≈≈≈≈≈≈≈≈≈≈≈....m.......
≈≈≈≈≈≈≈≈≈≈≈.....).......
#≈≈≈≈≈≈≈.≈≈≈...E.m.......
#≈≈≈≈≈≈≈.†......§(.......
#≈≈≈≈≈≈≈.....(m..........
#≈≈≈≈≈≈.....@.mm...m.....
#≈≈≈≈≈≈...≈≈≈....<.......
#≈≈≈≈≈≈...≈≈.............
#≈≈≈≈≈....≈.....E.m......
#≈≈≈≈≈.....≈............#
#≈≈≈≈≈≈≈≈..≈≈≈.........#.
#≈≈≈≈≈≈≈≈≈≈≈≈≈.......).#
#≈≈≈≈≈≈≈≈≈≈≈≈≈≈≈.......#
#≈≈≈≈≈≈≈≈≈≈≈≈≈≈≈.......#


You could see a merfolk impaler, a merfolk javelineer, 3 merfolk aquamancers, 4
merfolk and 2 water elementals.

Vanquished Creatures
  Kirke (Shoals:1)
  Gastronok (D:8)
  2 orc warlords (D:9)
  A frost giant (Shoals:2)
  A white draconian (IceCv)
  Nessos (Orc:2)
  A merfolk javelineer (Shoals:2)
  Snorg (Orc:2)
  4 merfolk impalers
  2 merfolk aquamancers
  An alligator snapping turtle (Shoals:2)
  3 two-headed ogres
  Nergalle (Orc:1)
  5 orc high priests
  Sonja (Lair:3)
  A sea snake (Shoals:1)
  Pikel (D:6)
  5 harpies (Shoals:1)
  A deep elf archer (Orc:1)
  3 deep elf magi
  5 orc knights
  6 orc sorcerers
  3 manticores
  5 fauns
  3 merfolk sirens
  8 cyclopes (Shoals:2)
  2 water nymphs
  A torpor snail (Lair:4)
  3 spiny frogs
  2 ice statues (IceCv)
  A centaur skeleton (D:10)
  2 komodo dragons
  14 polar bears (IceCv)
  18 merfolk
  3 trolls
  A wind drake (Shoals:2)
  2 hornets
  2 snapping turtles (Shoals:2)
  8 dream sheep (Lair:4)
  8 hippogriffs
  Sigmund (D:6)
  4 water elementals
  15 yaks
  3 hogs (Shoals:1)
  4 wargs
  A hungry ghost (D:10)
  4 water moccasins
  Edmund (D:4)
  Duvessa (D:7)
  6 porcupines
  19 orc warriors
  A slave (D:6)
  A black bear (D:10)
  5 ice beasts
  4 sky beasts
  4 centaurs
  11 wolves (IceCv)
  An eye of draining (D:10)
  11 ogres
  3 crocodiles
  A big kobold (D:10)
  7 bullfrogs
  Dowan (D:7)
  A wyvern skeleton (D:6)
  3 scorpions
  6 killer bees (D:8)
  An electric eel (D:9)
  3 howler monkeys
  2 crimson imps
  2 centaur zombies
  2 quasits (D:9)
  2 hounds
  10 orc priests
  A jelly (D:9)
  3 iguanas
  18 orc wizards
  9 worker ants
  3 hound zombies
  2 hound skeletons
  2 howler monkey zombies
  A worker ant zombie (D:10)
  Robin (D:2)
  4 gnolls (D:4)
  6 adders
  A shadow imp (D:6)
  A white imp (D:7)
  An ooze (D:5)
  A worm (D:6)
  3 adder skeletons
  2 dart slugs
  5 leopard geckos
  52 orcs
  6 bats
  6 giant cockroaches
  11 goblins
  8 hobgoblins
  7 jackals (D:2)
  2 quokkas
  4 frilled lizards
  13 kobolds
  A leopard gecko skeleton (D:4)
  4 rats
  A fungus (Lair:3)
  A plant (Shoals:2)
455 creatures vanquished.

Vanquished Creatures (others)
  A human (Shoals:1)
  A slave (D:6)
  An orc priest (Orc:2)
  A leopard gecko skeleton (D:6)
  7 fungi
  11 plants
  5 toadstools (Lair:2)
27 creatures vanquished.

Grand Total: 482 creatures vanquished

Notes
Turn   | Place    | Note
-------+----------+-------------------------------------------
     0 | D:1      | iamserjio the Gargoyle Fighter began the quest for the Orb.
     0 | D:1      | Reached XP level 1. HP: 14/14 MP: 1/1
    56 | D:1      | Reached XP level 2. HP: 12/19 MP: 2/2
   111 | D:2      | Reached XP level 3. HP: 16/23 MP: 3/3
   454 | D:4      | Noticed a scorpion
   458 | D:4      | Reached XP level 4. HP: 25/28 MP: 4/4
   467 | D:4      | Reached XP level 5. HP: 26/32 MP: 5/5
   505 | D:4      | Reached skill level 5 in Axes
   506 | D:4      | Noticed an ogre
   512 | D:4      | Killed an ogre
   512 | D:4      | Reached XP level 6. HP: 32/37 MP: 6/6
   773 | D:2      | Noticed Robin
   785 | D:2      | Killed Robin
  1003 | D:4      | Found a staircase to the Ecumenical Temple.
  1024 | Temple   | Entered the Ecumenical Temple
  1070 | Temple   | Became a worshipper of Warmaster Okawaru
  1146 | D:5      | Entered Level 5 of the Dungeon
  1153 | D:4      | Noticed Edmund
  1187 | D:4      | Killed Edmund
  1187 | D:4      | Reached skill level 1 in Invocations
  1187 | D:4      | Reached XP level 7. HP: 40/41 MP: 7/7
  1325 | D:5      | Found a burning altar of Makhleb.
  1374 | D:5      | Reached * piety under Okawaru
  1374 | D:5      | Reached skill level 4 in Fighting
  1488 | D:6      | Reached XP level 8. HP: 12/48 MP: 9/9
  1582 | D:6      | Noticed Sigmund
  1591 | D:6      | Killed Sigmund
  1630 | D:7      | Found a shattered altar of Ashenzari.
  1722 | D:7      | Reached ** piety under Okawaru
  1761 | D:6      | Noticed Pikel
  1772 | D:6      | Paralysed by Pikel for 7 turns
  1790 | D:6      | Paralysed by Pikel for 6 turns
  1807 | D:6      | Killed Pikel
  1807 | D:6      | Reached skill level 5 in Fighting
  1807 | D:6      | Reached skill level 5 in Armour
  1807 | D:6      | Reached skill level 5 in Shields
  1807 | D:6      | Reached XP level 9. HP: 43/54 MP: 11/11
  1854 | D:6      | Reached *** piety under Okawaru
  2025 | D:7      | Noticed Dowan
  2027 | D:7      | Noticed Duvessa
  2055 | D:7      | Killed Duvessa
  2071 | D:7      | Killed Dowan
  2278 | D:8      | Reached skill level 6 in Fighting
  2325 | D:8      | Noticed Gastronok
  2326 | D:8      | Noticed a hornet
  2342 | D:8      | Killed a hornet
  2347 | D:8      | Killed Gastronok
  2347 | D:8      | Reached **** piety under Okawaru
  2347 | D:8      | Reached ***** piety under Okawaru
  2347 | D:8      | Received a gift from Okawaru
  2347 | D:8      | Reached skill level 7 in Fighting
  2347 | D:8      | Reached XP level 10. HP: 21/63 MP: 13/13
  2419 | D:9      | Noticed a two-headed ogre
  2426 | D:9      | Reached skill level 10 in Axes
  2438 | D:9      | Killed a two-headed ogre
  2481 | D:9      | Found Pigug's Weapon Emporium.
  2497 | D:9      | Reached skill level 8 in Fighting
  2507 | D:9      | Bought a +0 broad axe for 48 gold pieces
  2585 | D:9      | Found a staircase to the Orcish Mines.
  2648 | D:9      | Found an opulent altar of Gozag.
  2710 | D:9      | Reached XP level 11. HP: 69/69 MP: 11/14
  2762 | D:10     | Entered Level 10 of the Dungeon
  3094 | D:10     | Found a runed door.
  3095 | D:10     | Noticed ThisFiasco's ghost (journeyman GrEE)
  3097 | D:10     | Noticed a spriggan rider
  3102 | D:10     | Noticed a two-headed ogre
  3110 | D:10     | Killed a two-headed ogre
  3207 | D:10     | Noticed a two-headed ogre
  3213 | D:10     | Killed a two-headed ogre
  3213 | D:10     | Reached skill level 9 in Fighting
  3254 | D:10     | Received a gift from Okawaru
  3425 | Orc:1    | Entered Level 1 of the Orcish Mines
  3425 | Orc:1    | Found Boyfeuhu's Assorted Antiques.
  3425 | Orc:1    | Noticed Nergalle
  3436 | Orc:1    | Killed Nergalle
  3475 | Orc:1    | Noticed an orc sorcerer
  3475 | Orc:1    | Noticed an orc warlord
  3475 | Orc:1    | Noticed an orc warlord
  3475 | Orc:1    | Noticed an orc high priest
  3475 | Orc:1    | Noticed an orc knight
  3475 | Orc:1    | Noticed a deep elf archer
  3476 | Orc:1    | Noticed a sun demon
  3476 | Orc:1    | Noticed a deep elf mage
  3478 | Orc:1    | Noticed a soul eater
  3532 | D:9      | Killed an orc warlord
  3532 | D:9      | Reached ****** piety under Okawaru
  3577 | D:9      | Noticed a soul eater
  3579 | D:9      | Killed an orc high priest
  3579 | D:9      | Reached XP level 12. HP: 35/77 MP: 15/15
  3671 | D:9      | Received a gift from Okawaru
  3674 | D:9      | Got an ebony broad axe {god gift}
  3675 | D:9      | Identified the +2 broad axe "Iquah" {chop, Int+3} (Okawaru gifted it to you on level 9 of the Dungeon)
  3718 | D:9      | Killed an orc warlord
  3718 | D:9      | Reached skill level 10 in Armour
  3752 | Orc:1    | Reached skill level 10 in Fighting
  3772 | Orc:1    | Received a gift from Okawaru
  3907 | Orc:2    | Entered Level 2 of the Orcish Mines
  3907 | Orc:2    | Found a staircase to the Elven Halls.
  4230 | Orc:2    | Noticed Snorg
  4242 | Orc:2    | Killed Snorg
  4247 | Orc:2    | Noticed an orc high priest
  4254 | Orc:2    | Killed an orc high priest
  4254 | Orc:2    | Reached skill level 5 in Invocations
  4419 | Orc:2    | Noticed Nessos
  4426 | Orc:2    | Killed Nessos
  4600 | Orc:2    | Found a roughly hewn altar of Beogh.
  4743 | Orc:2    | Reached XP level 13. HP: 81/84 MP: 13/16
  4750 | Orc:2    | Received a gift from Okawaru
  4779 | Orc:2    | Reached skill level 11 in Fighting
  4912 | Orc:2    | Found Rajiecwel's Armour Shoppe.
  4934 | Orc:2    | Found Eseoz's General Store.
  4936 | Orc:2    | Found Mef Zoosoiq's Magic Scroll Shoppe.
  4936 | Orc:2    | Found Rawk's Book Boutique.
  4975 | Orc:2    | Bought a +2 cloak of magic resistance for 301 gold pieces
  4977 | Orc:2    | Bought a scroll of fog for 24 gold pieces
  4977 | Orc:2    | Bought a scroll of teleportation for 36 gold pieces
  4977 | Orc:2    | Bought a scroll of teleportation for 36 gold pieces
  4977 | Orc:2    | Bought a scroll of enchant armour for 90 gold pieces
  4977 | Orc:2    | Bought a scroll of immolation for 42 gold pieces
  4977 | Orc:2    | Bought a scroll of teleportation for 36 gold pieces
  4977 | Orc:2    | Bought a scroll of teleportation for 36 gold pieces
  4977 | Orc:2    | Bought a scroll of identify for 24 gold pieces
  4977 | Orc:2    | Bought a scroll of identify for 24 gold pieces
  4977 | Orc:2    | Bought a scroll of identify for 24 gold pieces
  5062 | Orc:1    | Bought a viscous white potion for 23 gold pieces
  5062 | Orc:1    | Bought 2 potions of might for 208 gold pieces
  5062 | Orc:1    | Bought 2 sedimented coppery potions for 46 gold pieces
  5062 | Orc:1    | Bought a pink potion for 23 gold pieces
  5062 | Orc:1    | Bought a scroll of fog for 52 gold pieces
  5062 | Orc:1    | Bought a cyan potion for 23 gold pieces
  5062 | Orc:1    | Bought a potion of curing for 78 gold pieces
  5161 | D:8      | Found a staircase to the Lair.
  5179 | Lair:1   | Entered Level 1 of the Lair of Beasts
  5391 | Lair:3   | Noticed Sonja
  5399 | Lair:3   | Killed Sonja
  5656 | Lair:3   | Reached skill level 12 in Fighting
  5719 | Lair:4   | Received a gift from Okawaru
  5724 | Lair:4   | Got a pair of heavily runed boots {god gift}
  5741 | Lair:4   | Found a frozen archway.
  5751 | IceCv    | Entered an ice cave
  5752 | IceCv    | Identified the +0 pair of boots of Daq Vij {MR+} (Okawaru gifted it to you on level 4 of the Lair of Beasts)
  5781 | IceCv    | Reached skill level 10 in Shields
  5968 | IceCv    | Noticed a white draconian
  5983 | IceCv    | Killed a white draconian
  5983 | IceCv    | Gained mutation: Your large and strong wings let you fly indefinitely. [Gargoyle growth]
  5983 | IceCv    | Reached XP level 14. HP: 92/92 MP: 15/17
  6078 | IceCv    | Reached skill level 13 in Fighting
  6139 | Lair:4   | Found a staircase to the Shoals.
  6180 | Shoals:1 | Entered Level 1 of the Shoals
  6205 | Shoals:1 | Noticed Kirke
  6215 | Shoals:1 | Received a gift from Okawaru
  6218 | Shoals:1 | Noticed a sphinx
  6228 | Shoals:1 | Killed Kirke
  6354 | Shoals:1 | Received a gift from Okawaru
  6373 | Shoals:1 | Identified a +2 pair of boots of running (Okawaru gifted it to you on level 1 of the Shoals)
  6411 | Shoals:2 | Noticed a frost giant
  6422 | Shoals:2 | Reached skill level 14 in Fighting
  6438 | Shoals:2 | Killed a frost giant
  6619 | Shoals:2 | Reached XP level 15. HP: 49/101 MP: 18/18
  6708 | Shoals:4 | Entered Level 4 of the Shoals
  6713 | Shoals:4 | Received a gift from Okawaru
  6713 | Shoals:4 | Reached skill level 15 in Fighting
  6821 | Shoals:4 | Slain by a merfolk

Vault maps used:
D:1:      minmay_arrival_cross, minmay_tetromino_s2
D:2:      nicolae_tso_swordbearing_angel, uniq_robin, uniq_natasha
D:3:      minmay_misc_feat_tiny
D:4:      minmay_temple_entry_junction_2, first_ration, uniq_edmund
D:5:      kennysheep_mini_moat, uniq_menkaure, uniq_grinder
D:6:      uniq_sigmund, uniq_pikel
D:7:      basic_altar, the_bakery, serial_bayou_pond_c,
          corexii_leaking_fountain, minmay_fire_ice_demons,
          uniq_crazy_yiuf_cottage, uniq_duvessa
D:8:      lemuel_coloured_pillars_altar, lair_entry_dummy, lemuel_flame_loot_1,
          uniq_gastronok
D:9:      grunt_gozag_statues, serial_shops,
          nicolae_shop_temple_entry_statues_fountains, kennysheep_generic_room_2
D:10:     serial_glass, glass_columns_b, glass_columns_c,
          ebering_ghost_funeral_grove
D:11:     gammafunk_ghost_cemetery, uniq_maurice
Temple:   compressed_dpeg_circular_temple
Lair:1:   serial_forest, infiniplex_forest_lined_3_way,
          infiniplex_forest_clump_cross, infiniplex_forest_straight_2,
          infiniplex_forest_lined_2, infiniplex_forest_clump_tiny, st_stairs_9,
          grunt_megastairs_3, uniq_grum
Lair:2:   gammafunk_lair_enchanted_lake, minmay_snake_entry_six_corridors,
          minmay_stone_trees_small, infiniplex_staircase_pool, uniq_urug
Lair:3:   minmay_lair_venomous_thicket, gammafunk_ghost_split, uniq_sonja
Lair:4:   elwin_shoals_entry_stream, portal_ice_cave_entry_pillars_2,
          grunt_megastairs_2
Shoals:1: uniq_kirke
Shoals:2: gammafunk_ghost_cemetery, st_shoals_ruin
Shoals:4: shoals_end_hangedman, shoals_ilsuiw_ice, nicolae_shoals_drake_roost
Orc:1:    serial_shops, nicolae_shop_stone, elf_legates, uniq_nergalle
Orc:2:    st_orc_elflike, nicolae_orc_pool_cavern, nicolae_orc_lost_temple,
          uniq_snorg, uniq_nessos
IceCv:    ice_cave_small_giant

Skill      XL: |  1  2  3  4  5  6  7  8  9 10 11 12 13 14 15 |
---------------+----------------------------------------------+-----
Axes           | 2 3 4 5 6 7 9 10 12 13 14 | 14.4
Invocations    | 1 2 3 4 5 |  5.0
Fighting       | 4 5 7 8 9 10 12 14 15 | 15.1
Armour         | 4 5 7 8 9 10 12 | 12.0
Shields        | 4 5 6 7 8 10 11 | 11.8

Action                   |  1- 3 |  4- 6 |  7- 9 | 10-12 | 13-15 || total
-------------------------+-------+-------+-------+-------+-------++-------
Melee: War axe           |    88 |   147 |   291 |   111 |       ||   637
       Broad axe         |       |       |       |   355 |   512 ||   867
Invok: Heroism           |       |       |     5 |    24 |    21 ||    50
       Finesse           |       |       |       |     1 |     3 ||     4
 Abil: Fly               |       |       |       |       |     1 ||     1
Evoke: Wand              |       |       |       |     1 |     1 ||     2
  Use: Potion            |     1 |       |     5 |     2 |     3 ||    11
       Scroll            |       |     6 |     5 |     9 |    12 ||    32
 Stab: Paralysed         |       |       |       |     3 |     2 ||     5
  Eat: Chunk             |       |       |     5 |     4 |     8 ||    17
       Ration            |       |       |     2 |     2 |       ||     4
Armor: Scale mail        |    79 |    72 |       |       |       ||   151
       Chain mail        |       |    16 |   192 |    24 |   249 ||   481
       Plate armour      |       |       |    20 |   271 |   161 ||   452
Dodge: Dodged            |    37 |    43 |    86 |   143 |   197 ||   506
Block: Shield            |    70 |   104 |   181 |   284 |   393 ||  1032
       Reflection        |       |       |     1 |       |       ||     1

Table legend:
 A = Spawn XP
 B = Non-spawn XP
 C = Spawn XP percentage of total XP
 D = Spawn monster count
 E = Non-spawn monster count
 F = Spawn count percentage of total count
 G = Total turns spent on level
                    A         B        C        D         E        F      G
               +---------+---------+-------+---------+---------+-------+---------
         Total |       0 |   92364 |   0.0 |       0 |     452 |   0.0 |  6821
               +---------+---------+-------+---------+---------+-------+---------
           D:1 |       0 |      32 |   0.0 |       0 |      17 |   0.0 |   188
           D:2 |       0 |      84 |   0.0 |       0 |      29 |   0.0 |   394
           D:3 |       0 |      50 |   0.0 |       0 |      16 |   0.0 |   310
           D:4 |       0 |     557 |   0.0 |       0 |      15 |   0.0 |   307
           D:5 |       0 |     291 |   0.0 |       0 |      10 |   0.0 |   154
           D:6 |       0 |    1537 |   0.0 |       0 |      23 |   0.0 |   399
           D:7 |       0 |     486 |   0.0 |       0 |       7 |   0.0 |   295
           D:8 |       0 |    3405 |   0.0 |       0 |      18 |   0.0 |   377
           D:9 |       0 |    9923 |   0.0 |       0 |      43 |   0.0 |   759
          D:10 |       0 |    4283 |   0.0 |       0 |      36 |   0.0 |   507
        Lair:1 |       0 |    1130 |   0.0 |       0 |       6 |   0.0 |   132
        Lair:2 |       0 |     631 |   0.0 |       0 |       3 |   0.0 |   108
        Lair:3 |       0 |    1671 |   0.0 |       0 |       5 |   0.0 |   131
        Lair:4 |       0 |    6409 |   0.0 |       0 |      26 |   0.0 |   260
      Shoals:1 |       0 |   14081 |   0.0 |       0 |      24 |   0.0 |   245
      Shoals:2 |       0 |   15223 |   0.0 |       0 |      29 |   0.0 |   232
      Shoals:3 |       0 |    2767 |   0.0 |       0 |       7 |   0.0 |    98
      Shoals:4 |       0 |    1827 |   0.0 |       0 |       4 |   0.0 |    66
         Orc:1 |       0 |    5044 |   0.0 |       0 |      44 |   0.0 |   575
         Orc:2 |       0 |   13744 |   0.0 |       0 |      54 |   0.0 |   851
         IceCv |       0 |    9189 |   0.0 |       0 |      36 |   0.0 |   370
               +---------+---------+-------+---------+---------+-------+---------
